 Dungeon Crawl Stone Soup version 0.27-a0-124-g19cb506db8 (webtiles) character file.

Game seed: 374648660197991925

205 knot the Chopper (level 5, 61/61 HPs)
             Began as a Demonspawn Berserker on Jan 26, 2021.
             Was a Believer of Trog.
             Quit the game on level 3 of the Dungeon.
             The game lasted 00:01:54 (3023 turns).

knot the Chopper (Demonspawn Berserker)             Turns: 3023, Time: 00:01:54

Health: 61/61      AC:  7    Str: 18    XL:     5   Next: 52%
Magic:  5/5        EV: 10    Int:  9    God:    Trog [**....]
Gold:   28         SH:  5    Dex: 12    Spells: 4/4 levels left

rFire    . . .     SeeInvis .   a - +0 hand axe
rCold    . . .     Faith    .   g - +2 buckler
rNeg     . . .     Spirit   .   h - +0 ring mail
rPois    .         Reflect  .   (helmet restricted)
rElec    .         Harm     .   (no cloak)
rCorr    .         Rampage  .   (no gloves)
Will     ++...                  (no boots)
Stlth    ..........             (no amulet)
HPRegen  1.20/turn              (no ring)
MPRegen  0.09/turn              (no ring)

@: berserking, regenerating, very quick
A: horns 1, iridescent scales 1
a: Renounce Religion, Berserk, Trog's Hand


You were on level 3 of the Dungeon.
You worshipped Trog.
Trog was pleased with you.
You visited 1 branch of the dungeon, and saw 3 of its levels.

You collected 28 gold pieces.

Inventory:

Hand Weapons
 a - a +0 hand axe (weapon)
Missiles
 d - 57 stones
 e - a throwing net
 o - 4 boomerangs
Armour
 g - a +2 buckler (worn)
 h - a +0 ring mail (worn)
Jewellery
 k - a +6 ring of intelligence {unknown}
Wands
 l - a wand of digging (3)
Scrolls
 b - 2 scrolls of remove curse {unknown}
 f - a scroll of enchant weapon {unknown}
 n - 2 scrolls of identify {unknown}
Potions
 c - a potion of attraction {unknown}
 i - a potion of flight {unknown}
 j - a potion of heal wounds {unknown}
 m - a potion of haste {unknown}


   Skills:
 - Level 3.0 Fighting
 + Level 5.7 Axes
 - Level 1.7 Armour
 - Level 1.7 Dodging


You had 4 spell levels left.
You didn't know any spells.
Your spell library contained the following spells:

 Spells                   Type           Power        Failure   Level
 Confusing Touch          Hex            0%           98%         3
 Gell's Gravitas          Tloc           0%           98%         3
 Petrify                  Tmut/Erth      0%           100%        4
 Metabolic Englaciation   Hex/Ice        0%           100%        5
 Yara's Violent Unravell  Hex/Tmut       0%           100%        5


Dungeon Overview and Level Annotations

Branches:
Dungeon (3/15)

Altars:


Innate Abilities, Weirdness & Mutations

You have a pair of small horns on your head.
You are partially covered in iridescent scales. (AC +2)


Message History

The giant cockroach waves its antennae.
The adder bites you but does no damage.
You barely miss the adder. Your headbutt misses the adder.
The adder is moderately wounded.
The adder barely misses you.
You slash the adder!
You kill the adder!
Trog accepts your kill. The ogre completely misses you.
You slash the ogre! You headbutt the ogre!
The ogre is almost dead.
You hit the ogre.
You kill the ogre!
Trog accepts your kill.
You have reached level 5!
Your demonic ancestry asserts itself...
Iridescent scales grow over part of your body.
You hit the giant cockroach.
The giant cockroach is heavily wounded.
Are you sure you want to abandon this character and quit the game? (Confirm with "yes".)

#.#......#.#
#..#.#
#.########.#
##.#.# #.# #...#
#######.# ##..#
#.......# #..#
#.####### ##>.
#.# ###
#######.######
#...B@........'
....#####.#######
# #.# #+### #.#
..... #.# .....
#.# ..... #.#
#+### .#


You could see a giant cockroach.

Vanquished Creatures
  An ogre (D:3)
  Terence (D:2)
  3 adders
  2 worms
  2 dart slugs (D:2)
  2 leopard geckos
  3 orcs (D:3)
  A ball python (D:2)
  4 giant cockroaches
  8 hobgoblins
  4 jackals (D:1)
  7 kobolds
  7 bats
  2 frilled lizards (D:2)
  2 goblins
  4 rats
53 creatures vanquished.

Notes
Turn   | Place    | Note
-------+----------+-------------------------------------------
     0 | D:1      | knot the Demonspawn Berserker began the quest for the Orb.
     0 | D:1      | Reached XP level 1. HP: 18/18 MP: 1/1
   194 | D:1      | Reached skill level 3 in Axes
   208 | D:1      | Gained mutation: You have a pair of small horns on your
                  | head. [demonic ancestry]
   208 | D:1      | Reached XP level 2. HP: 24/24 MP: 2/2
  1422 | D:2      | Reached XP level 3. HP: 27/29 MP: 3/3
  1487 | D:2      | Reached skill level 4 in Axes
  1710 | D:2      | Reached ** piety under Trog
  1952 | D:2      | Noticed Terence
  1963 | D:2      | Killed Terence
  1964 | D:2      | Reached XP level 4. HP: 35/35 MP: 4/4
  2981 | D:3      | Reached skill level 5 in Axes
  3012 | D:3      | Noticed an ogre
  3021 | D:3      | Killed an ogre
  3022 | D:3      | Gained mutation: You are partially covered in iridescent
                  | scales. (AC +2) [demonic ancestry]
  3022 | D:3      | Reached XP level 5. HP: 41/41 MP: 5/5
  3023 | D:3      | Quit the game

Illustrated notes

Levels and vault maps discovered:
D:1:      minmay_arrival_widening_spiral_narrow, layout_basic
D:2:      layout_loops_corners, uniq_terence
D:3:      layout_basic, lemuel_coloured_pillars_altar, lemuel_crystal_altar,
          amcnicky_mini_pool_small

Skill      XL: |  1  2  3  4 |
---------------+-------------+-----
Axes           | 3 4 5 |  5.7
Fighting       | |  3.0
Armour         | |  1.7
Dodging        | |  1.7

Action                   |  1- 3 |  4- 6 || total
-------------------------+-------+-------++-------
Melee: Hand axe          |   108 |    52 ||   160
       Headbutt          |    21 |     6 ||    27
Invok: Berserk           |     3 |     1 ||     4
       Trog's Hand       |       |     1 ||     1
Armor: Animal skin       |     5 |       ||     5
       Ring mail         |    24 |    15 ||    39
Dodge: Dodged            |    50 |    27 ||    77
Block: Buckler           |    21 |     7 ||    28

Table legend: (Time is in decaauts)
 A = Elapsed time spent in this place.
 B = Non-inter-level travel time spent in this place.
 C = Inter-level travel time spent in this place.
 D = Time resting spent in this place.
 E = Time spent auto-exploring this place.
 F = Levels seen in this place.
 G = Mean time per level.
                   A        B        C        D        E       F      G
               +--------+--------+--------+--------+--------+-----+--------+
         Total |   3071 |   3007 |     64 |    391 |   2270 |   3 | 1023.7 |
       Dungeon |   3071 |   3007 |     64 |    391 |   2270 |   3 | 1023.7 |
               +--------+--------+--------+--------+--------+-----+--------+

Top non-repeatable levels by time:
     D:1: 1405 daAuts
     D:2: 1109 daAuts
     D:3: 556 daAuts
